 Dungeon Crawl Stone Soup version 0.30-a0-881-g1ff12e1e11 (webtiles) character file.

Game seed: 5992480935155674320

3558 Firecrotchwizard the Fighter (level 10, -9/77 HPs)
             Began as a Djinni Fire Elementalist on Mar 14, 2023.
             Was a Believer of Makhleb.
             Shot with an arrow by a centaur warrior (28 damage)
             ... on level 8 of the Dungeon.
             The game lasted 00:22:55 (8965 turns).

Firecrotchwizard the Fighter (DjFE)                 Turns: 8965, Time: 00:22:55

Health: -9/77      AC:  6    Str:  7    XL:     10   Next: 30%
Gold:   440        EV: 17    Int: 20    God:    Makhleb [**....] SH:  0 Dex: 15

rFire   + + .      SeeInvis .    m - +2 dagger (venom)
rCold   x . .      Faith    .    (no shield)
rNeg    . . .      Spirit   .    k - +0 steam dragon scales
rPois   ∞          Reflect  .    (no helmet)
rElec   .          Rampage  .    (no cloak)
rCorr   .                        n - +0 pair of gloves
Will    +....                    (boots unavailable)
Stlth   ++                       (no amulet)
HPRegen 0.32/turn                E - +5 ring of evasion
MPRegen 0.00/turn                (no ring)

@: about to teleport, flying
A: sickness immunity, fire resistance 2, cold vulnerability 1, float, innate
caster, HP casting, extra vitality 1
a: Renounce Religion, Minor Destruction


You were on level 8 of the Dungeon.
You worshipped Makhleb.
Makhleb was pleased with you.
You visited 2 branches of the dungeon, and saw 9 of its levels.
You also visited: Bailey.

You collected 557 gold pieces.
You spent 117 gold pieces at shops.

Inventory:

Hand Weapons
 c - a +0 short sword of freezing
   (You took it off a kobold on level 1 of the Dungeon)
 m - a +2 dagger of venom (weapon)
   (You took it off a goblin on level 2 of the Dungeon)
Missiles
 d - 9 boomerangs
 e - 6 javelins
 q - 7 poisoned darts
 s - 49 stones (quivered)
 u - 3 datura-tipped darts
Armour
 a - a +0 robe
 k - +0 steam dragon scales (worn)
   (You found it on level 8 of the Dungeon)
 n - a +0 pair of gloves (worn)
   (You found it on level 2 of the Dungeon)
Jewellery
 E - a +5 ring of evasion (left hand)
   (You found it on level 5 of the Dungeon)
Wands
 i - a wand of iceblast (7)
   (You found it on level 4 of the Dungeon)
 j - a wand of polymorph (8)
   (You found it on level 4 of the Dungeon)
Scrolls
 l - a scroll of poison
 Y - 5 scrolls of teleportation {@r3}
Potions
 b - 2 potions of attraction {!q}
 f - a potion of cancellation
 g - a potion of magic {unknown}
 h - a potion of brilliance {unknown}
 H - 3 potions of haste
 I - 2 potions of invisibility
 J - 8 potions of curing {@q1}
 M - 6 potions of might
 R - 3 potions of resistance
 U - a potion of mutation {!q}


   Skills:
 + Level 8.5 Fighting
 - Level 2.1 Dodging
 - Level 1.5 Stealth
 + Level 7.1 Spellcasting
 + Level 7.1 Invocations


You knew the following spells:

 Your Spells              Type           Power      Damage    Failure   Level
a - Foxfire               Conj/Fire      100%       2x1d9     1%          1
b - Scorch                Fire           70%        2d9       1%          2
c - Kindle Blastsparks    Fire/Tloc/Air  70%        2d15      1%          3
d - Inner Flame           Hex/Fire       35%        N/A       1%          3
e - Flame Wave            Conj/Fire      35%        2d10      4%          4
f - Necrotise             Necr           100%       1d9       1%          1
g - Static Discharge      Conj/Air       70%        2-5/arc   1%          2
h - Summon Guardian Gole  Hex/Summ       35%        N/A       1%          3
s - Swiftness             Air            35%        N/A       1%          3
Your spell library was empty.

Dungeon Overview and Level Annotations

Branches:
Dungeon (8/15)             Temple (1/1) D:4          Bailey (visited)
   Lair: D:8-11

Altars:
Ashenzari
Cheibriados
Dithmenos
Elyvilon
Fedhas
Gozag
Hepliaklqana
Makhleb
Nemelex Xobeh
Okawaru
Qazlal
Ru
Trog
Uskayaw
Wu Jian
Xom
Yredelemnul
Zin
The Shining One

Shops:
D:4 *   D:5 *

Annotations:
D:4 2 transporters
D:8 exclusion: boulder beetle, Amaemon


Innate Abilities, Weirdness & Mutations

You are immune to sickness and miasma.
You are immune to poison.
Your flesh is very heat resistant. (rF++)
You are vulnerable to cold. (rC-)
You float through the air rather than walking.
You learn spells naturally, not from books.
Your magical power is your life essence.
You have superior vitality. (+4 MHP)


Message History

You barely miss the yak. The yak gores you but does no damage.
You hit the yak.
You kill the yak!
Makhleb accepts your kill.
You hit the yak. The yak misses you.
You hit the yak.
The yak is poisoned.
The yak gores you!
You take 9 damage, and have 44/76 hp.
You hit the yak.
The yak looks as sick as possible!
The yak barely misses you.
You hit the yak but do no damage.
The yak looks as sick as possible!
The yak gores you.
You take 5 damage, and have 39/76 hp.
You hit the yak.
The yak looks as sick as possible!
The yak barely misses you.
You hit the yak but do no damage.
The yak looks as sick as possible!
You punch the yak, but do no damage. The yak gores you.
You take 5 damage, and have 34/76 hp.
You hit the yak.
The yak looks as sick as possible!
The yak closely misses you.
Flames lash the yak.
The yak's fire resistance burns away.
The yak gores you!
You take 12 damage, and have 23/76 hp.
Flames lash the yak.
The yak is burned terribly!
* * * LOW HITPOINT WARNING * * *
The yak misses you.
You take 2 damage, and have 21/76 hp.
Flames lash the yak.
The yak is burned terribly!
You kill the yak!
Makhleb accepts your kill.
* * * LOW HITPOINT WARNING * * *
Your Spellcasting skill increases to level 7!
Your Invocations skill increases to level 7!
You take 1 damage, and have 20/77 hp.
Flames lash the yak.
The yak's fire resistance burns away.
* * * LOW HITPOINT WARNING * * *
The yak completely misses you.
You take 2 damage, and have 18/77 hp.
Flames lash the yak.
The yak is burned terribly!
* * * LOW HITPOINT WARNING * * *
The yak closely misses you.
You take 2 damage, and have 16/77 hp.
Flames lash the yak.
The yak is burned terribly!
* * * LOW HITPOINT WARNING * * *
The yak closely misses you.
You take 1 damage, and have 15/77 hp.
Flames lash the yak.
The yak is burned terribly!
You kill the yak!
Makhleb accepts your kill.
You can now harness Makhleb's destructive might.
* * * LOW HITPOINT WARNING * * *
You take 2 damage, and have 13/77 hp.
You start resting.
Health restored: 77
Things that are here:
a yak corpse; a yak corpse You see here a yak skeleton.
You now have 314 gold pieces (gained 15).
d - 9 boomerangs (gained 3)
Items here: )))) ÷÷÷.
You now have 329 gold pieces (gained 15).
You now have 339 gold pieces (gained 10).
You now have 351 gold pieces (gained 12).
You now have 369 gold pieces (gained 18).
You now have 373 gold pieces (gained 4).
You now have 388 gold pieces (gained 15).
You now have 395 gold pieces (gained 7).
You now have 409 gold pieces (gained 14).
You now have 419 gold pieces (gained 10).
Found a stone staircase leading up.
You see here a +0 chain mail.
You now have 440 gold pieces (gained 21).
A boulder beetle comes into view.
You can't see that place. [the floor.]
You see here a +0 falchion.
o - a scroll of identify {@r1}
As you read the scroll of identify {@r1}, it crumbles to dust.
f - a potion of cancellation
Things that are here:
a yak skeleton; a yak skeleton
Found a stone staircase leading down.
Y - 6 scrolls of teleportation {@r3} (gained 1)
M - 6 potions of might (gained 2)
Found a stone staircase leading down.
s - 49 stones (gained 2)
You see here a book of Flames.
A centaur warrior comes into view.
The centaur warrior shouts!
The centaur warrior wields a +0 shortbow.
The centaur warrior shoots an arrow.
The arrow closely misses you.
The centaur warrior shoots an arrow.
The arrow hits you!!
You take 21 damage, and have 56/77 hp.
MASSIVE DAMAGE!!
The centaur warrior shoots an arrow.
The arrow hits you!
You take 13 damage, and have 43/77 hp.
The centaur warrior shoots an arrow.
The arrow hits you!
You take 16 damage, and have 27/77 hp.
MASSIVE DAMAGE!!
As you read the scroll of teleportation {@r3}, it crumbles to dust.
You feel strangely unstable.
The centaur warrior shoots an arrow.
The arrow hits you!
* * * LOW HITPOINT WARNING * * *
The centaur warrior shoots an arrow.
The arrow hits you!!
You die...

........ #. ...6....
.........
......###......#. ##
#.......#........ #.
#..............#. . #..
#..#............. #. #..
#....##........#.
#..##'##..#.............
#....c.@..............##
#..........#....#..#...#
#.........####.##..#....
#####.######...##..###..
#...####..#).....#..
###.#.....#...#.....
#...........#.....
#.......)#.####:..
##.........# #..#


You could see Amaemon (wandering) and a centaur warrior.

Vanquished Creatures
  Pikel (D:7)
  5 yaks (D:8)
  2 steam dragons
  Grum (D:8)
  Menkaure (D:7)
  An orc warrior (Bailey)
  A black bear (D:4)
  2 ogres
  3 wolves (D:8)
  2 lemures
  3 bullfrogs
  A gnoll sergeant (D:5)
  2 killer bees (D:4)
  3 howler monkeys (D:7)
  A jelly (D:5)
  3 hounds
  3 orc priests
  3 gnoll boudas
  5 iguanas
  2 orc wizards
  18 gnolls
  5 adders
  2 white imps (D:6)
  An ufetubus (D:5)
  A worm (D:2)
  2 dart slugs
  20 orcs
  7 ball pythons
  7 endoplasms
  2 giant cockroaches
  13 goblins
  6 hobgoblins
  9 jackals
  4 kobolds
  4 quokkas
  10 bats
  2 frilled lizards
  6 rats
164 creatures vanquished.

Vanquished Creatures (collateral kills)
  A kobold (D:2)
  10 foxfires (D:1)
11 creatures vanquished.

Vanquished Creatures (others)
  A quokka (D:5)
  566 foxfires
  A plant (D:1)
  5 toadstools (D:8)
573 creatures vanquished.

Grand Total: 748 creatures vanquished

Notes
Turn   | Place    | Note
-------+----------+-------------------------------------------
     0 | D:1      | Firecrotchwizard the Djinni Fire Elementalist began the
                  | quest for the Orb.
     0 | D:1      | Firecrotchwizard set off with the following spells
                  | memorised: Foxfire, Scorch, Kindle Blastsparks, Inner
                  | Flame, Flame Wave.
     0 | D:1      | Reached XP level 1. HP: 15/15 MP: 0/0
   176 | D:1      | Reached skill level 1 in Fighting
   176 | D:1      | Reached XP level 2. HP: 17/22 MP: 0/0
   532 | D:1      | Reached XP level 3. HP: 22/27 MP: 0/0
   532 | D:1      | Learned a level 1 spell: Necrotise
  1019 | D:1      | HP: 7/28 [gnoll/+0 flail (4)]
  1022 | D:1      | Reached skill level 3 in Spellcasting
  1180 | D:2      | Reached skill level 2 in Fighting
  1198 | D:2      | Reached XP level 4. HP: 31/33 MP: 0/0
  2078 | D:3      | Reached skill level 3 in Fighting
  2078 | D:3      | Reached XP level 5. HP: 31/40 MP: 0/0
  2078 | D:3      | Learned a level 2 spell: Static Discharge
  2087 | D:3      | Identified the +1 sling of Valiance {freeze, *Corrode rF+
                  | Dex+2}
  2625 | D:3      | You are sucked into a shaft and drop 1 floor!
  2716 | D:4      | Reached XP level 6. HP: 43/47 MP: 0/0
  2751 | D:4      | Noticed a black bear
  2771 | D:4      | Reached skill level 4 in Spellcasting
  2930 | D:4      | Noticed an ogre
  2940 | D:4      | Killed an ogre
  2941 | D:4      | Reached skill level 4 in Fighting
  3066 | D:4      | Found a transporter.
  3084 | D:4      | Found a transporter.
  3314 | D:4      | Found a staircase to the Ecumenical Temple.
  3321 | Temple   | Entered the Ecumenical Temple
  3499 | Temple   | Became a worshipper of Makhleb the Destroyer
  3575 | D:4      | Killed a black bear
  3576 | D:4      | Reached skill level 1 in Invocations
  3576 | D:4      | Reached XP level 7. HP: 47/53 MP: 0/0
  3576 | D:4      | Learned a level 3 spell: Summon Guardian Golem
  3695 | D:4      | Found Maguirch's General Store.
  3708 | D:4      | Bought a potion of curing for 39 gold pieces
  3708 | D:4      | Bought 2 potions of curing for 78 gold pieces
  3747 | D:4      | HP: 13/53 [killer bee (8)]
  3911 | D:5      | Entered Level 5 of the Dungeon
  3979 | D:5      | Reached skill level 5 in Fighting
  4059 | D:5      | Reached skill level 2 in Invocations
  4329 | D:5      | Found Nis Bul's General Store.
  5252 | D:5      | HP: 10/54 [gnoll sergeant/+0 trident (5)]
  5254 | D:5      | Reached XP level 8. HP: 9/59 MP: 0/0
  5428 | D:5      | Found a white marble altar of Elyvilon.
  5659 | D:6      | Reached skill level 5 in Spellcasting
  5659 | D:6      | Reached skill level 3 in Invocations
  6689 | D:7      | Noticed Menkaure
  6696 | D:7      | Killed Menkaure
  6696 | D:7      | Reached * piety under Makhleb
  6697 | D:7      | Reached skill level 6 in Fighting
  6733 | D:7      | Reached skill level 4 in Invocations
  7001 | D:7      | Reached XP level 9. HP: 59/67 MP: 0/0
  7001 | D:7      | Learned a level 3 spell: Swiftness
  7091 | D:7      | Found a basalt altar of Yredelemnul.
  7098 | D:7      | Found an opulent altar of Gozag.
  7142 | D:7      | Found a flagged portal.
  7147 | Bailey   | Entered a bailey
  7171 | Bailey   | HP: 11/67 [orc warrior/+0 broad axe (15)]
  7389 | D:7      | Reached skill level 5 in Invocations
  7390 | D:7      | Noticed Pikel
  7403 | D:7      | HP: 12/67 [lemure[Pikel] (7)]
  7881 | D:7      | Killed Pikel
  7882 | D:7      | Reached skill level 7 in Fighting
  7882 | D:7      | Reached skill level 6 in Spellcasting
  8228 | D:8      | Noticed Grum
  8234 | D:8      | Reached skill level 6 in Invocations
  8238 | D:8      | Killed Grum
  8308 | D:8      | Reached XP level 10. HP: 48/76 MP: 0/0
  8325 | D:8      | Noticed Amaemon
  8488 | D:8      | Reached skill level 8 in Fighting
  8513 | D:8      | Reached skill level 7 in Spellcasting
  8513 | D:8      | Reached skill level 7 in Invocations
  8516 | D:8      | Reached ** piety under Makhleb
  8758 | D:8      | Noticed a boulder beetle
  8960 | D:8      | Noticed a centaur warrior
  8965 | D:8      | HP: 19/77 [centaur warrior/arrow (9)]
  8965 | D:8      | Shot with an arrow by a centaur warrior

Illustrated notes

Levels and vault maps discovered:
D:1:      lightli_molten_gateway, layout_basic, serial_forest,
          infiniplex_forest_clump_curved, infiniplex_forest_zigzag_1,
          infiniplex_forest_clump_curved, infiniplex_forest_split,
          infiniplex_forest_end_1, infiniplex_forest_end_1,
          infiniplex_forest_lined_2, infiniplex_forest_clump_large
D:2:      layout_basic, palyth_stone_intersect, grunt_ministairs_3
D:3:      layout_loops_ring, shapermc_ecumenical_altar_hornbeckon
D:4:      gammafunk_steamed_eel, layout_basic, minmay_temple_entry_fiery,
          serial_shops, nicolae_shop_advertising_works
          [nicolae_subvault_shop_adworks], minmay_misc_feat_doors,
          kennysheep_generic_room_14
D:5:      layout_loops_ring, elyvilon_altar_4, serial_shops, shop
D:6:      layout_basic
D:7:      layout_gridville, chequers_temple_overflow_statue_of_worship,
          enter_bailey_3, minmay_misc_feat_chi, uniq_pikel, uniq_menkaure
D:8:      layout_cave_pools, serial_column_ruins, column_ruins_hut,
          column_ruins_open_small, column_ruins_grid_3,
          column_ruins_open_medium, column_ruins_corridor_corner,
          column_ruins_grid_1, column_ruins_open_small,
          minmay_misc_feat_pillars, minmay_gold_behind_fungi, roderic_lattice_a,
          uniq_amaemon, uniq_grum
Temple:   nicolae_temple_bog_church

Skill      XL: |  1  2  3  4  5  6  7  8  9 10 |
---------------+-------------------------------+-----
Fighting       | 1 2 3 4 5 6 7 8 |  8.5
Spellcasting   | 3 4 5 6 7 |  7.1
Invocations    | 1 2 4 6 7 |  7.1
Dodging        | |  2.1
Stealth        | |  1.5

Action                     |  1- 3 |  4- 6 |  7- 9 | 10-12 || total
---------------------------+-------+-------+-------+-------++-------
  Melee: Short sword       |     6 |       |       |       ||     6
         Dagger            |       |    23 |    21 |    15 ||    59
         Punch             |       |       |       |     1 ||     1
  Throw: Stone             |       |     1 |       |       ||     1
   Cast: Foxfire           |    61 |    93 |   163 |    16 ||   333
         Scorch            |     3 |    18 |    62 |    12 ||    95
         Necrotise         |       |    11 |       |       ||    11
  Evoke: Wand              |       |       |     2 |       ||     2
    Use: Scroll            |       |     7 |    13 |     2 ||    22
 Armour: Robe              |       |     5 |     5 |       ||    10
         Steam dragon scal |       |       |       |     3 ||     3
  Dodge: Dodged            |    12 |    16 |    49 |    13 ||    90

Table legend: (Time is in decaauts)
 A = Elapsed time spent in this place.
 B = Non-inter-level travel time spent in this place.
 C = Inter-level travel time spent in this place.
 D = Time resting spent in this place.
 E = Time spent auto-exploring this place.
 F = Levels seen in this place.
 G = Mean time per level.
                   A        B        C        D        E       F      G
               +--------+--------+--------+--------+--------+-----+--------+
         Total |   8964 |   8576 |    388 |   2619 |   4738 |  10 |  896.4 |
       Dungeon |   8718 |   8375 |    343 |   2609 |   4598 |   8 | 1089.8 |
        Temple |    197 |    152 |     45 |      0 |    140 |   1 |  197.0 |
        Bailey |     47 |     47 |      0 |     10 |      0 |   1 |   47.0 |
               +--------+--------+--------+--------+--------+-----+--------+

Top non-repeatable levels by time:
     D:5: 1837 daAuts
     D:6: 1194 daAuts
     D:7: 1165 daAuts
     D:1: 1129 daAuts
     D:4: 1088 daAuts
     D:2: 902 daAuts
     D:8: 808 daAuts
     D:3: 592 daAuts
  Temple: 197 daAuts
  Bailey: 47 daAuts

Table legend:
 A = Kills in this place as a percentage of kills in the entire game.
 B = Kills by you in this place as a percentage of kills by you in the entire game.
 C = Kills by friends in this place as a percentage of kills by friends in the entire game.
 D = Other kills in this place as a percentage of other kills in the entire game.
 E = Experience gained in this place as a percentage of experience gained in the entire game.
 F = Experience gained in this place divided by the number of levels of this place that you have seen.
                   A       B       C       D       E      F
               +-------+-------+-------+-------+-------+----------------------
         Total | 100.0 | 100.0 | 100.0 |   N/A | 100.0 | 508.3
       Dungeon |  98.2 |  98.1 | 100.0 |   N/A |  97.0 | 616.2
        Bailey |   1.8 |   1.9 |   0.0 |   N/A |   3.0 | 153.0
               +-------+-------+-------+-------+-------+----------------------
